 Dungeon Crawl Stone Soup version 0.29.0-4-gdea44cf6ec (webtiles) character file.

Game seed: 6036103185022379840

10544 qw the Cleaver (level 11, -1/141 HPs)
             Began as a Minotaur Berserker on Sept 6, 2022.
             Was a Priest of Trog.
             Slain by a death knight
             ... wielding a +0 great sword
              (14 damage)
             ... on level 10 of the Dungeon.
             The game lasted 00:03:47 (12708 turns).

qw the Cleaver (Minotaur Berserker)                Turns: 12708, Time: 00:03:48

Health: -1/141     AC: 17    Str: 24    XL:     11   Next: 37%
Magic:  8/8        EV:  5    Int:  8    God:    Trog [***...]
Gold:   449        SH: 22    Dex: 10    Spells: 10/10 levels left

rFire   . . .      SeeInvis .   Y - +4 war axe
rCold   . . .      Faith    .   k - +0 tower shield
rNeg    . . .      Spirit   .   g - +0 plate armour
rPois   .          Reflect  +   (helmet restricted)
rElec   .          Harm     .   m - +0 cloak
rCorr   .          Rampage  .   q - +2 pair of gloves
Will    .....                   (no boots)
Stlth   ..........              i - amulet of reflection
HPRegen 0.33/turn               (no ring)
MPRegen 0.11/turn               (no ring)

@: berserking, lethally poisoned (-1 -> -4), very quick
A: horns 2, retaliatory headbutt, clever 1, low MP 1
a: Renounce Religion, Berserk, Trog's Hand


You were on level 10 of the Dungeon.
You worshipped Trog.
Trog was most pleased with you.
You visited 1 branch of the dungeon, and saw 10 of its levels.

You collected 635 gold pieces.
You spent 186 gold pieces at shops.


Innate Abilities, Weirdness & Mutations

You have a pair of horns on your head.
You reflexively headbutt those who attack you in melee.
Your mind is acute. (Int +4, Str/Dex -1)
Your magical capacity is low. (-10% MP)


   Skills:
 - Level 8.0 Fighting
 - Level 14.0 Axes
 - Level 7.1 Armour
 - Level 2.1 Dodging
 + Level 13.4 Shields


You had 10 spell levels left.
You didn't know any spells.
Your spell library was empty.

Inventory:

Hand Weapons
 a - a +0 morningstar
 Y - a +4 war axe (weapon)
Armour
 g - a +0 plate armour (worn)
 j - a +1 pair of gloves
 k - a +0 tower shield (worn)
 m - a +0 cloak (worn)
 q - a +2 pair of gloves (worn)
Jewellery
 i - an amulet of reflection (around neck)
 n - a ring of ice
Scrolls
 f - 3 scrolls of identify
 h - a scroll of teleportation
Potions
 b - 3 potions of might
 c - a potion of heal wounds
 d - 2 potions of haste
 e - 5 potions of curing
 l - a potion of flight {unknown}

Dungeon Overview and Level Annotations

Branches:
Dungeon (10/15)            Temple (0/1) D:6            Lair (0/5) D:10
    Orc: D:9-12

Altars:
Makhleb
Nemelex Xobeh
Sif Muna
Trog
Uskayaw
Zin
The Shining One

Shops:
D:3 (   D:7 (


Message History

You feel sick. You block the gnoll sergeant's attack.
You block the death knight's attack.
You slash the death knight! You headbutt the death knight!
The death knight is moderately wounded.
The death knight reflects your damage back at you!
You feel sick. You block the death knight's attack.
The gnoll sergeant hits you but does no damage.
You are more poisoned.
You closely miss the death knight.
The death knight is moderately wounded.
You feel very sick.
The death knight hits you with a +0 great sword!
You block the gnoll sergeant's attack.
You hit the death knight but do no damage.
The death knight is moderately wounded.
You feel sick.
The gnoll sergeant completely misses you.
The death knight hits you with a +0 great sword!
You slice the death knight!! You headbutt the death knight!
The death knight is heavily wounded.
The death knight reflects your damage back at you!
You feel sick. You block the gnoll sergeant's attack.
You block the death knight's attack.
12706 ||| INVOKING Berserk.
A red film seems to cover your vision as you go berserk!
You feel yourself moving faster!
You feel mighty!
You feel sick.
The death knight's dark mirror aura disappears.
You block the gnoll sergeant's attack.
The death knight hits you with a +0 great sword.
You slice the death knight!!
The death knight is severely wounded.
You feel sick.
The death knight hits you with a +0 great sword!!
You block the gnoll sergeant's attack.
You completely miss the death knight.
The death knight is severely wounded.
You feel sick. You block the gnoll sergeant's attack.
The death knight hits you with a +0 great sword!
You die...

..........#....#.
............##...#...#..
............##...##.#.#.
.................'.#.#.#
........#+#.....#....#.
#......#.#.....#...#..
#.#.....#.###...#8...#.
#.?.gp..#'###....###'##
##@................
#...............#.# #.
#.##............#.#
##.###..#............#..
.........................
#......[....#....####..(.
#........#..........#.#..
#..........>........#.#..
#............#..........#


You could see a death knight and a gnoll sergeant.

Vanquished Creatures
  Snorg (D:10)
  Erolcha (D:10)
  3 death yaks (D:10)
  A manticore (D:8)
  A komodo dragon (D:10)
  2 kobold demonologists (D:10)
  3 trolls
  A hornet (D:9)
  9 yaks (D:9)
  A wyvern (D:5)
  A shadow (D:9)
  A steam dragon (D:7)
  Menkaure (D:5)
  2 orc warriors
  2 ice beasts
  A sky beast (D:7)
  3 ogres
  2 centaurs
  A phantom (D:5)
  2 kobold brigands
  2 bullfrogs
  3 scorpions (D:5)
  17 wights
  9 killer bees
  2 electric eels (D:10)
  4 howler monkeys
  2 gnoll boudas
  6 hounds
  2 jellies
  An orc priest (D:9)
  4 iguanas
  A hell rat (D:10)
  7 orc wizards
  17 gnolls
  4 adders
  3 white imps
  An ufetubus (D:4)
  3 worms
  5 dart slugs
  28 orcs
  2 bats
  6 endoplasms
  3 giant cockroaches
  8 goblins
  5 hobgoblins
  7 quokkas
  11 ball pythons
  2 frilled lizards (D:1)
  10 kobolds
  6 rats
220 creatures vanquished.

Vanquished Creatures (others)
  2 orcs (D:7)
2 creatures vanquished.

Grand Total: 222 creatures vanquished

Notes
Turn   | Place    | Note
-------+----------+-------------------------------------------
     0 | D:1      | qw the Minotaur Berserker began the quest for the Orb.
     0 | D:1      | Reached XP level 1. HP: 19/19 MP: 0/0
     0 | D:1      | 0 ||| qw: Version: 0.1-a-107-g9ff403c
     0 | D:1      | 0 ||| qw: Game counter: 6099
     0 | D:1      | 0 ||| qw: Always use a shield: true
     0 | D:1      | 0 ||| qw: Do Orc after D:15 true
     0 | D:1      | 0 ||| qw: Do second Lair branch before Depths: true
     0 | D:1      | 0 ||| qw: Lair rune preference: random
     0 | D:1      | 0 ||| qw: Plans: Normal
     0 | D:1      | 0 ||| PLANNING D:1-11
   157 | D:1      | Reached skill level 4 in Axes
   231 | D:1      | Reached XP level 2. HP: 14/26 MP: 1/1
   510 | D:1      | 510 ||| DROPPING +0 club.
  1080 | D:1      | 1080 ||| Stepping ~*~*~tactically~*~*~ (stealth).
  1082 | D:1      | 1082 ||| Stepping ~*~*~tactically~*~*~ (stealth).
  1178 | D:1      | 1178 ||| Stepping ~*~*~tactically~*~*~ (hiding).
  1185 | D:1      | Reached skill level 5 in Axes
  1304 | D:1      | 1304 ||| READING scroll labelled DYRUQA SERUTOSS.
  1305 | D:1      | 1305 ||| READING scroll labelled SIAWEMI WIROIMM.
  1306 | D:1      | 1306 ||| READING scroll labelled RUCSASS FOMAE.
  1307 | D:1      | 1307 ||| DRINKING 2 glowing brown potions.
  1349 | D:2      | 1349 ||| Stepping ~*~*~tactically~*~*~ (stealth).
  1359 | D:2      | Reached XP level 3. HP: 31/31 MP: 2/2
  1391 | D:2      | 1391 ||| INVOKING Berserk.
  1588 | D:2      | 1588 ||| Stepping ~*~*~tactically~*~*~ (hiding).
  1836 | D:2      | Found a faded altar of an unknown god.
  2124 | D:2      | Reached ** piety under Trog
  2272 | D:2      | 2272 ||| INVOKING Berserk.
  2363 | D:2      | 2363 ||| UPGRADING to +0 scale mail.
  2373 | D:2      | 2373 ||| DROPPING +0 animal skin.
  2374 | D:2      | 2374 ||| DROPPING scarf of invisibility.
  2375 | D:2      | 2375 ||| UPGRADING to +0 tower shield.
  2380 | D:2      | 2380 ||| READING 2 scrolls labelled BIRPHEBL VA IDY.
  2381 | D:2      | 2381 ||| READING 2 scrolls labelled ANYRUI OVEUHU.
  2382 | D:2      | 2382 ||| DROPPING scroll of noise.
  2424 | D:3      | 2424 ||| STAIRDANCE
  2426 | D:2      | 2426 ||| INVOKING Berserk.
  2429 | D:2      | Reached skill level 1 in Shields
  2429 | D:2      | Reached XP level 4. HP: 39/39 MP: 3/3
  2557 | D:3      | 2557 ||| STAIRDANCE
  2559 | D:2      | 2559 ||| INVOKING Berserk.
  2686 | D:2      | 2686 ||| DROPPING +0 whip.
  2690 | D:3      | 2690 ||| STAIRDANCE
  2828 | D:3      | 2828 ||| STAIRDANCE
  2927 | D:3      | 2927 ||| STAIRDANCE
  2929 | D:2      | 2929 ||| INVOKING Berserk.
  3043 | D:3      | 3043 ||| INVOKING Berserk.
  3522 | D:3      | Reached skill level 3 in Shields
  3542 | D:3      | 3542 ||| Stepping ~*~*~tactically~*~*~ (stealth).
  3642 | D:3      | 3642 ||| Stepping ~*~*~tactically~*~*~ (stealth).
  3644 | D:3      | 3644 ||| Stepping ~*~*~tactically~*~*~ (stealth).
  3686 | D:3      | Found Ikhleih's Antique Weapon Shop.
  3702 | D:3      | 3702 ||| SHOPLISTING runed mace (168 gold, have 115).
  3702 | D:3      | 3702 ||| BUYING war axe (98 gold).
  3702 | D:3      | Bought a war axe for 98 gold pieces
  3702 | D:3      | 3702 ||| SWAPPING to +0 war axe.
  3703 | D:3      | 3703 ||| DROPPING +0 hand axe.
  3797 | D:3      | 3797 ||| UPGRADING to +0 cloak.
  3802 | D:3      | 3802 ||| UPGRADING to +0 pair of gloves.
  3807 | D:3      | 3807 ||| UPGRADING to +2 pair of gloves.
  3817 | D:3      | 3817 ||| DROPPING +0 pair of gloves.
  3818 | D:3      | 3818 ||| READING scroll labelled WUWKIXZYEPN.
  3819 | D:3      | 3819 ||| READING 2 scrolls labelled BILOZXIBLU.
  3820 | D:3      | 3820 ||| READING scroll of enchant weapon.
  3820 | D:3      | 3820 ||| ENCHANTING +1 war axe.
  3821 | D:3      | 3821 ||| READING scroll labelled JOKE WEUROADA.
  3822 | D:3      | 3822 ||| DRINKING 2 glowing sapphire potions.
  3823 | D:3      | 3823 ||| READING 2 scrolls of identify.
  3823 | D:3      | 3823 ||| IDENTIFYING sedimented sapphire potion
  3824 | D:3      | 3824 ||| DROPPING potion of degeneration.
  3825 | D:3      | 3825 ||| Stepping randomly (stuck).
  3826 | D:3      | 3826 ||| Stepping ~*~*~tactically~*~*~ (cloud).
  4029 | D:4      | 4029 ||| INVOKING Berserk.
  4032 | D:4      | Reached XP level 5. HP: 45/45 MP: 4/4
  4084 | D:4      | 4084 ||| Stepping ~*~*~tactically~*~*~ (stealth).
  4250 | D:4      | 4250 ||| Stepping ~*~*~tactically~*~*~ (stealth).
  4283 | D:4      | 4283 ||| Stepping ~*~*~tactically~*~*~ (hiding).
  4397 | D:4      | Found a bloodstained altar of Trog.
  4466 | D:4      | Found a glowing silver altar of Zin.
  4498 | D:4      | 4498 ||| READING scroll of enchant weapon.
  4498 | D:4      | 4498 ||| ENCHANTING +2 war axe.
  4576 | D:4      | Found a glowing golden altar of the Shining One.
  4577 | D:4      | 4577 ||| READING 2 scrolls of identify.
  4577 | D:4      | 4577 ||| IDENTIFYING black potion
  4578 | D:4      | 4578 ||| DROPPING potion of brilliance.
  4579 | D:4      | 4579 ||| Stepping randomly (stuck).
  4580 | D:4      | 4580 ||| Stepping randomly (stuck).
  4581 | D:4      | 4581 ||| Stepping randomly (stuck).
  4582 | D:4      | 4582 ||| Stepping randomly (stuck).
  4583 | D:4      | 4583 ||| Stepping randomly (stuck).
  4584 | D:4      | 4584 ||| Stepping randomly (stuck).
  4585 | D:4      | 4585 ||| Stepping randomly (stuck).
  4586 | D:4      | 4586 ||| Stepping randomly (stuck).
  4587 | D:4      | 4587 ||| Stepping randomly (stuck).
  4589 | D:4      | 4589 ||| Stepping randomly (stuck).
  4590 | D:4      | 4590 ||| Stepping randomly (stuck).
  4591 | D:4      | 4591 ||| Stepping randomly (stuck).
  4592 | D:4      | 4592 ||| Stepping randomly (stuck).
  4593 | D:4      | 4593 ||| Stepping randomly (stuck).
  4594 | D:4      | 4594 ||| Stepping randomly (stuck).
  4595 | D:4      | 4595 ||| Stepping randomly (stuck).
  4596 | D:4      | 4596 ||| Stepping randomly (stuck).
  4597 | D:4      | 4597 ||| Stepping randomly (stuck).
  4598 | D:4      | 4598 ||| Stepping randomly (stuck).
  4668 | D:4      | Reached XP level 6. HP: 46/51 MP: 5/5
  4779 | D:4      | 4779 ||| READING scroll labelled VIGGARPH UPROEPT.
  4817 | D:5      | Entered Level 5 of the Dungeon
  4817 | D:5      | Noticed a wyvern
  4819 | D:5      | 4819 ||| Stepping ~*~*~tactically~*~*~ (stealth).
  4820 | D:5      | 4820 ||| Stepping ~*~*~tactically~*~*~ (stealth).
  4820 | D:5      | Noticed Menkaure
  4821 | D:5      | 4821 ||| INVOKING Berserk.
  4823 | D:5      | Killed Menkaure
  4823 | D:5      | Killed a wyvern
  4830 | D:5      | Reached skill level 6 in Axes
  4830 | D:5      | Reached XP level 7. HP: 37/57 MP: 6/6
  4836 | D:5      | 4836 ||| FLEEEEING.
  4837 | D:5      | 4837 ||| FLEEEEING.
  4838 | D:5      | 4838 ||| STAIRDANCE
  4991 | D:5      | 4991 ||| INVOKING Berserk.
  4995 | D:5      | 4995 ||| STAIRDANCE
  5424 | D:5      | 5424 ||| INVOKING Berserk.
  5427 | D:5      | Reached skill level 7 in Axes
  5631 | D:5      | 5631 ||| UPGRADING to +0 plate armour.
  5641 | D:5      | 5641 ||| DROPPING +0 scale mail.
  5642 | D:5      | 5642 ||| READING scroll labelled LOMAROPN UDEAM.
  5643 | D:5      | 5643 ||| READING scroll labelled DOMPAIXOILL.
  5644 | D:5      | 5644 ||| READING 3 scrolls of identify.
  5644 | D:5      | 5644 ||| IDENTIFYING lumpy yellow potion
  5645 | D:5      | 5645 ||| READING 2 scrolls of identify.
  5645 | D:5      | 5645 ||| IDENTIFYING inky potion
  5646 | D:5      | 5646 ||| DROPPING potion of magic.
  5709 | D:6      | 5709 ||| Stepping ~*~*~tactically~*~*~ (hiding).
  5724 | D:6      | Reached skill level 3 in Armour
  5797 | D:6      | Reached XP level 8. HP: 64/64 MP: 7/7
  5833 | D:6      | 5833 ||| INVOKING Berserk.
  5835 | D:6      | Reached skill level 9 in Shields
  5994 | D:6      | 5994 ||| INVOKING Berserk.
  6140 | D:6      | 6140 ||| Stepping ~*~*~tactically~*~*~ (hiding).
  6142 | D:6      | 6142 ||| Stepping ~*~*~tactically~*~*~ (hiding).
  6143 | D:6      | 6143 ||| Stepping ~*~*~tactically~*~*~ (hiding).
  6318 | D:6      | 6318 ||| Stepping ~*~*~tactically~*~*~ (stealth).
  6320 | D:6      | 6320 ||| Stepping ~*~*~tactically~*~*~ (hiding).
  6334 | D:6      | Reached skill level 8 in Axes
  6381 | D:6      | 6381 ||| FLEEEEING.
  6382 | D:6      | 6382 ||| FLEEEEING.
  6383 | D:6      | 6383 ||| FLEEEEING.
  6385 | D:6      | 6385 ||| FLEEEEING.
  6386 | D:6      | 6386 ||| FLEEEEING.
  6387 | D:6      | 6387 ||| FLEEEEING.
  6388 | D:6      | 6388 ||| FLEEEEING.
  6389 | D:6      | 6389 ||| FLEEEEING.
  6390 | D:6      | 6390 ||| FLEEEEING.
  6391 | D:6      | 6391 ||| FLEEEEING.
  6392 | D:6      | 6392 ||| FLEEEEING.
  6393 | D:6      | 6393 ||| FLEEEEING.
  6394 | D:6      | 6394 ||| FLEEEEING.
  6395 | D:6      | 6395 ||| FLEEEEING.
  6396 | D:6      | 6396 ||| FLEEEEING.
  6397 | D:6      | 6397 ||| FLEEEEING.
  6398 | D:6      | 6398 ||| FLEEEEING.
  6399 | D:6      | 6399 ||| FLEEEEING.
  6400 | D:6      | 6400 ||| FLEEEEING.
  6401 | D:6      | 6401 ||| FLEEEEING.
  6402 | D:6      | 6402 ||| FLEEEEING.
  6403 | D:6      | 6403 ||| FLEEEEING.
  6405 | D:6      | 6405 ||| FLEEEEING.
  6406 | D:6      | 6406 ||| FLEEEEING.
  6407 | D:6      | 6407 ||| FLEEEEING.
  6408 | D:6      | 6408 ||| FLEEEEING.
  6409 | D:6      | 6409 ||| FLEEEEING.
  6410 | D:6      | 6410 ||| FLEEEEING.
  6411 | D:6      | 6411 ||| FLEEEEING.
  6412 | D:6      | 6412 ||| FLEEEEING.
  6413 | D:6      | 6413 ||| FLEEEEING.
  6414 | D:6      | 6414 ||| FLEEEEING.
  6415 | D:6      | 6415 ||| FLEEEEING.
  6416 | D:6      | 6416 ||| FLEEEEING.
  6417 | D:6      | 6417 ||| FLEEEEING.
  6418 | D:6      | 6418 ||| FLEEEEING.
  6419 | D:6      | 6419 ||| FLEEEEING.
  6420 | D:6      | 6420 ||| FLEEEEING.
  6421 | D:6      | 6421 ||| FLEEEEING.
  6474 | D:6      | Found a staircase to the Ecumenical Temple.
  6627 | D:6      | 6627 ||| INVOKING Berserk.
  6771 | D:6      | Reached skill level 9 in Axes
  6934 | D:6      | 6934 ||| UPGRADING to amulet of the acrobat.
  6939 | D:6      | 6939 ||| READING 3 scrolls of identify.
  6939 | D:6      | 6939 ||| IDENTIFYING yellow potion
  6940 | D:6      | 6940 ||| READING 2 scrolls of identify.
  6940 | D:6      | 6940 ||| IDENTIFYING orange potion
  6941 | D:6      | 6941 ||| DROPPING potion of lignification.
  6942 | D:6      | 6942 ||| DROPPING potion of berserk rage.
  6975 | D:7      | 6975 ||| INVOKING Berserk.
  6984 | D:7      | HP: 15/66 [wight/+0 long sword (6)]
  6985 | D:7      | 6985 ||| READING scroll of teleportation.
  7111 | D:7      | 7111 ||| FLEEEEING.
  7112 | D:7      | 7112 ||| FLEEEEING.
  7113 | D:7      | 7113 ||| FLEEEEING.
  7114 | D:7      | 7114 ||| FLEEEEING.
  7115 | D:7      | 7115 ||| FLEEEEING.
  7118 | D:7      | 7118 ||| FLEEEEING.
  7119 | D:7      | 7119 ||| FLEEEEING.
  7122 | D:7      | 7122 ||| STAIRDANCE
  7222 | D:7      | 7222 ||| Stepping ~*~*~tactically~*~*~ (stealth).
  7229 | D:7      | 7229 ||| Stepping ~*~*~tactically~*~*~ (stealth).
  7238 | D:7      | 7238 ||| DRINKING 5 potions of curing.
  7238 | D:7      | 7238 ||| (to cure confusion)
  7277 | D:7      | Found Xerr's Antique Weapon Emporium.
  7314 | D:7      | 7314 ||| INVOKING Berserk.
  7322 | D:7      | Reached XP level 9. HP: 74/74 MP: 8/8
  7325 | D:7      | Reached *** piety under Trog
  7628 | D:7      | 7628 ||| READING scroll of enchant weapon.
  7628 | D:7      | 7628 ||| ENCHANTING +3 war axe.
  7670 | D:7      | 7670 ||| Stepping ~*~*~tactically~*~*~ (hiding).
  7729 | D:7      | 7729 ||| INVOKING Berserk.
  7731 | D:7      | Reached skill level 10 in Axes
  7733 | D:7      | Found a sparkling altar of Nemelex Xobeh.
  8101 | D:8      | 8101 ||| Stepping ~*~*~tactically~*~*~ (stealth).
  8167 | D:8      | 8167 ||| INVOKING Berserk.
  8291 | D:8      | 8291 ||| Stepping ~*~*~tactically~*~*~ (stealth).
  8310 | D:8      | 8310 ||| FLEEEEING.
  8311 | D:8      | 8311 ||| FLEEEEING.
  8312 | D:8      | 8312 ||| FLEEEEING.
  8313 | D:8      | 8313 ||| FLEEEEING.
  8314 | D:8      | 8314 ||| FLEEEEING.
  8315 | D:8      | 8315 ||| FLEEEEING.
  8318 | D:8      | 8318 ||| FLEEEEING.
  8390 | D:8      | Found a hide-covered altar of Uskayaw.
  8464 | D:8      | 8464 ||| Stepping ~*~*~tactically~*~*~ (hiding).
  8466 | D:8      | 8466 ||| Stepping ~*~*~tactically~*~*~ (hiding).
  8467 | D:8      | 8467 ||| Stepping ~*~*~tactically~*~*~ (hiding).
  8541 | D:8      | Found a shimmering blue altar of Sif Muna.
  8541 | D:8      | Noticed a manticore
  8542 | D:8      | 8542 ||| Stepping ~*~*~tactically~*~*~ (hiding).
  8547 | D:8      | 8547 ||| INVOKING Berserk.
  8552 | D:8      | Killed a manticore
  8637 | D:8      | 8637 ||| UPGRADING to amulet of reflection.
  8840 | D:8      | 8840 ||| FLEEEEING.
  8841 | D:8      | 8841 ||| FLEEEEING.
  8842 | D:8      | 8842 ||| FLEEEEING.
  8843 | D:8      | 8843 ||| FLEEEEING.
  8844 | D:8      | 8844 ||| FLEEEEING.
  8845 | D:8      | 8845 ||| FLEEEEING.
  8846 | D:8      | 8846 ||| FLEEEEING.
  8881 | D:8      | 8881 ||| DROPPING +0 flail.
  8968 | D:8      | 8968 ||| DROPPING amulet of the acrobat.
  8969 | D:8      | 8969 ||| READING 2 scrolls of identify.
  8969 | D:8      | 8969 ||| IDENTIFYING red potion
  9044 | D:7      | 9044 ||| BUYING morningstar (88 gold).
  9044 | D:7      | Bought a morningstar for 88 gold pieces
  9044 | D:7      | 9044 ||| DROPPING +4 flail of freezing.
  9101 | D:9      | Reached skill level 11 in Axes
  9130 | D:9      | Noticed a troll
  9135 | D:9      | 9135 ||| INVOKING Berserk.
  9138 | D:9      | Killed a troll
  9261 | D:9      | 9261 ||| Stepping ~*~*~tactically~*~*~ (hiding).
  9267 | D:9      | Reached XP level 10. HP: 86/86 MP: 9/9
  9267 | D:9      | 9267 ||| Stepping ~*~*~tactically~*~*~ (hiding).
  9270 | D:9      | 9270 ||| INVOKING Berserk.
  9568 | D:9      | 9568 ||| Stepping ~*~*~tactically~*~*~ (stealth).
  9570 | D:9      | 9570 ||| Stepping ~*~*~tactically~*~*~ (stealth).
  9576 | D:9      | Reached skill level 12 in Shields
  9720 | D:9      | 9720 ||| Stepping ~*~*~tactically~*~*~ (hiding).
  9722 | D:9      | 9722 ||| Stepping ~*~*~tactically~*~*~ (hiding).
  9723 | D:9      | 9723 ||| Stepping ~*~*~tactically~*~*~ (hiding).
  9725 | D:9      | 9725 ||| INVOKING Berserk.
  9874 | D:9      | 9874 ||| Stepping ~*~*~tactically~*~*~ (stealth).
  9877 | D:9      | 9877 ||| Stepping ~*~*~tactically~*~*~ (stealth).
  9881 | D:9      | 9881 ||| Stepping ~*~*~tactically~*~*~ (stealth).
  9882 | D:9      | 9882 ||| Stepping ~*~*~tactically~*~*~ (stealth).
  9883 | D:9      | 9883 ||| Stepping ~*~*~tactically~*~*~ (stealth).
  9887 | D:9      | Reached skill level 12 in Axes
  9893 | D:9      | Reached skill level 6 in Armour
 10060 | D:9      | Paralysed by a hornet for 2 turns
 10063 | D:9      | 10063 ||| INVOKING Berserk.
 10396 | D:9      | Found a burning altar of Makhleb.
 10522 | D:9      | 10522 ||| DROPPING amulet of faith.
 10523 | D:9      | 10523 ||| DROPPING amulet of magic regeneration.
 10524 | D:9      | 10524 ||| READING scroll labelled ZAEGRE XOIJI.
 10748 | D:10     | Entered Level 10 of the Dungeon
 10753 | D:10     | 10753 ||| FLEEEEING.
 10754 | D:10     | 10754 ||| FLEEEEING.
 10755 | D:10     | 10755 ||| FLEEEEING.
 10756 | D:10     | 10756 ||| FLEEEEING.
 10757 | D:10     | 10757 ||| STAIRDANCE
 10870 | D:10     | 10870 ||| FLEEEEING.
 10871 | D:10     | 10871 ||| FLEEEEING.
 10872 | D:10     | 10872 ||| FLEEEEING.
 10873 | D:10     | 10873 ||| STAIRDANCE
 10911 | D:10     | 10911 ||| STAIRDANCE
 11002 | D:10     | 11002 ||| STAIRDANCE
 11043 | D:10     | 11043 ||| STAIRDANCE
 11096 | D:10     | 11096 ||| INVOKING Berserk.
 11171 | D:10     | 11171 ||| INVOKING Berserk.
 11292 | D:10     | Reached skill level 13 in Axes
 11294 | D:10     | Gained mutation: You occasionally lose the ability to drink
                  | potions when taking damage. [a neqoxec]
 11304 | D:10     | 11304 ||| INVOKING Berserk.
 11487 | D:10     | 11487 ||| DRINKING potion of mutation.
 11487 | D:10     | Lost mutation: You occasionally lose the ability to drink
                  | potions when taking damage. [potion of mutation]
 11487 | D:10     | Gained mutation: Your magical capacity is low. (-10% MP)
                  | [potion of mutation]
 11487 | D:10     | Gained mutation: Your mind is acute. (Int +4, Str/Dex -1)
                  | [potion of mutation]
 11529 | D:10     | 11529 ||| Stepping ~*~*~tactically~*~*~ (stealth).
 11531 | D:10     | 11531 ||| Stepping ~*~*~tactically~*~*~ (hiding).
 11539 | D:10     | 11539 ||| INVOKING Berserk.
 11693 | D:10     | Reached **** piety under Trog
 11706 | D:10     | 11706 ||| Stepping ~*~*~tactically~*~*~ (hiding).
 11753 | D:10     | 11753 ||| Stepping ~*~*~tactically~*~*~ (stealth).
 11760 | D:10     | 11760 ||| FLEEEEING.
 11761 | D:10     | 11761 ||| FLEEEEING.
 11762 | D:10     | 11762 ||| FLEEEEING.
 11763 | D:10     | 11763 ||| FLEEEEING.
 11909 | D:10     | 11909 ||| INVOKING Berserk.
 12128 | D:10     | Noticed Erolcha
 12129 | D:10     | 12129 ||| Stepping ~*~*~tactically~*~*~ (hiding).
 12133 | D:10     | 12133 ||| INVOKING Trog's Hand.
 12134 | D:10     | 12134 ||| INVOKING Berserk.
 12140 | D:10     | Killed Erolcha
 12141 | D:10     | Reached XP level 11. HP: 92/92 MP: 8/8
 12322 | D:10     | Noticed Snorg
 12326 | D:10     | 12326 ||| INVOKING Berserk.
 12331 | D:10     | Killed Snorg
 12396 | D:10     | 12396 ||| INVOKING Berserk.
 12546 | D:10     | Noticed a death yak
 12548 | D:10     | 12548 ||| Stepping ~*~*~tactically~*~*~ (stealth).
 12549 | D:10     | 12549 ||| Stepping ~*~*~tactically~*~*~ (stealth).
 12552 | D:10     | 12552 ||| Stepping ~*~*~tactically~*~*~ (stealth).
 12553 | D:10     | 12553 ||| Stepping ~*~*~tactically~*~*~ (stealth).
 12554 | D:10     | 12554 ||| INVOKING Berserk.
 12560 | D:10     | Killed a death yak
 12560 | D:10     | Noticed a death yak
 12560 | D:10     | Noticed a death yak
 12573 | D:10     | Killed a death yak
 12574 | D:10     | Reached skill level 14 in Axes
 12581 | D:10     | Killed a death yak
 12642 | D:10     | Found a staircase to the Lair.
 12695 | D:10     | Noticed a death knight
 12696 | D:10     | 12696 ||| Stepping ~*~*~tactically~*~*~ (hiding).
 12706 | D:10     | 12706 ||| INVOKING Berserk.
 12707 | D:10     | HP: 14/141 [death knight/+0 great sword (29)]
 12708 | D:10     | Slain by a death knight

Levels and vault maps discovered:
D:1:      lightli_arrival_statuegarden, layout_basic, nrook_mini_vaults,
          minmay_tromino_i4
D:2:      layout_basic, dreamdust_ecumenical_altar_grove
D:3:      layout_loops_ring, serial_shops, shop
D:4:      layout_basic, mainiacjoe_overflow_tiny_flanked,
          mainiacjoe_overflow_alcove_4, kennysheep_mini
D:5:      layout_cave_pools, uniq_menkaure
D:6:      layout_gridville, minmay_temple_entry_offerings, minmay_circle_x
D:7:      layout_rooms, nemelex_xobeh_ov_fountains_minmay, serial_shops,
          nicolae_take_the_stairs
D:8:      layout_loops_ring, mainiacjoe_overflow_alcove_1, amcnicky_altar_gilded
D:9:      layout_stronghold, kennysheep_little_box
D:10:     layout_basic, jmf_multi_god_temple2, dpeg_lair_monsters,
          serial_curves, eino_curves_03, eino_curves_03, st_stairs_7,
          hangedman_decor_lopped, grunt_ministairs_14, minivault_1,
          kennysheep_generic_room_15, uniq_urug, uniq_snorg, uniq_erolcha

Skill      XL: |  1  2  3  4  5  6  7  8  9 10 11 |
---------------+----------------------------------+-----
Axes           | 4 5 6 7 9 11 13 14 | 14.0
Shields        | 1 3 5 7 8 10 11 13 | 13.4
Armour         | 3 4 5 7 |  7.1
Fighting       | 5 7 8 |  8.0
Dodging        | |  2.1

Action                   |  1- 3 |  4- 6 |  7- 9 | 10-12 || total
-------------------------+-------+-------+-------+-------++-------
Melee: Hand axe          |    82 |    41 |       |       ||   123
       Headbutt          |    14 |     8 |    30 |    40 ||    92
       Punch             |     1 |       |       |       ||     1
       War axe           |       |    42 |   199 |   179 ||   420
Throw: Boomerang         |       |    38 |    20 |       ||    58
Invok: Berserk           |     3 |     5 |    11 |    13 ||    32
       Trog's Hand       |       |       |       |     1 ||     1
  Use: Scroll            |     5 |     8 |     9 |     1 ||    23
       Potion            |     1 |     1 |     1 |     1 ||     4
Armor: Animal skin       |    14 |       |       |       ||    14
       Scale mail        |     1 |    20 |     4 |       ||    25
       Plate armour      |       |       |    60 |    57 ||   117
Dodge: Dodged            |    34 |    17 |    34 |    21 ||   106
Block: Tower shield      |     1 |    54 |   152 |   172 ||   379
       Reflection        |       |       |       |     6 ||     6

Table legend:
 A = Non-vault XP
 B = Vault XP
 C = Vault XP percentage of total XP
 D = Non-vault monster count
 E = Vault monster count
 F = Vault count percentage of total count
                 A         B        C        D         E       F
            +---------+---------+-------+---------+---------+-------
      Total |   10189 |    4875 |  32.4 |     193 |      27 |  12.3
            +---------+---------+-------+---------+---------+-------
        D:1 |      32 |       5 |  13.5 |      17 |       4 |  19.0
        D:2 |      93 |       0 |   0.0 |      19 |       0 |   0.0
        D:3 |      53 |       0 |   0.0 |      14 |       0 |   0.0
        D:4 |     239 |       0 |   0.0 |      20 |       0 |   0.0
        D:5 |     685 |     175 |  20.3 |      10 |       1 |   9.1
        D:6 |     668 |     211 |  24.0 |      16 |       4 |  20.0
        D:7 |    1367 |       0 |   0.0 |      24 |       0 |   0.0
        D:8 |    1447 |       0 |   0.0 |      25 |       0 |   0.0
        D:9 |    3267 |       0 |   0.0 |      28 |       0 |   0.0
       D:10 |    2338 |    4484 |  65.7 |      20 |      18 |  47.4
            +---------+---------+-------+---------+---------+-------
